 Dungeon Crawl Stone Soup version 0.28-a0-730-g892d06dc2c (webtiles) character file.

Game seed: 3128463810871125009

399 ytrimaz the Covered (level 7, -1/55 HPs)
             Began as a Formicid Fighter on Oct 28, 2021.
             Slain by Prince Ribbit (14 damage)
             ... on level 5 of the Dungeon.
             The game lasted 00:04:20 (3127 turns).

ytrimaz the Covered (Formicid Fighter)              Turns: 3127, Time: 00:04:21

Health: -1/55      AC:  7    Str: 23    XL:     7   Next: 10%
Magic:  7/7        EV: 10    Int:  7    God:
Gold:   139        SH:  6    Dex: 14    Spells: 6/6 levels left

rFire   + . .      SeeInvis +   m - +9 rapier "Mango" {vorpal, rN+ Dex+4}
rCold   + . .      Faith    +   c - +1 buckler
rNeg    + . .      Spirit   .   b - +0 scale mail
rPois   +          Reflect  .   (helmet unavailable)
rElec   +          Harm     .   (no cloak)
rCorr   +          Rampage  .   g - +0 pair of gloves
Will    .....                   (no boots)
Stlth   ..........              j - amulet of faith
HPRegen 0.18/turn               (no ring)
MPRegen 0.10/turn               (no ring)

@: resistant, flying, studying Dodging
A: permanent stasis, dig shafts and tunnels, antennae 3, four strong arms, fangs
1, iridescent scales 1, deformed body
a: Dig, Shaft Self


You were on level 5 of the Dungeon.
You visited 1 branch of the dungeon, and saw 4 of its levels.

You collected 139 gold pieces.

Inventory:

Hand Weapons
 a - a +0 war axe
 m - the +9 rapier "Mango" (weapon) {vorpal, rN+ Dex+4}
   (You acquired it on level 2 of the Dungeon)

   It inflicts extra damage upon your enemies.
   Dex:       It affects your dexterity (+4).
   rN:        It protects you from negative energy.
Missiles
 i - 3 throwing nets
Armour
 b - a +0 scale mail (worn)
 c - a +1 buckler (worn)
 g - a +0 pair of gloves (worn)
Jewellery
 j - an amulet of faith (around neck)
Scrolls
 k - a scroll of enchant armour
 l - a scroll of teleportation {unknown}
Potions
 e - a potion of curing


   Skills:
 * Level 4.7 Fighting
 * Level 1.2 Short Blades
 - Level 4.3 Axes
 * Level 5.6 Armour
 * Level 1.2 Dodging
 - Level 3.6 Shields


You had 6 spell levels left.
You didn't know any spells.
Your spell library was empty.

Dungeon Overview and Level Annotations

Branches:
Dungeon (3/15)

Altars:
Cheibriados
Gozag
Makhleb
Trog
Vehumet
Yredelemnul

Shops:
D:2 :

Annotations:
D:5 Menkaure, Prince Ribbit


Innate Abilities, Weirdness & Mutations

You cannot be hasted, slowed, berserked, paralysed or teleported.
You can dig through walls and to a lower floor.
You have a pair of large antennae on your head. (SInv)
Your four strong arms can wield two-handed weapons with a shield.
You have very sharp teeth.
You are partially covered in iridescent scales. (AC +2)
Armour fits poorly on your strangely shaped body.


Message History

The magic dart hits you.
* * * LOW HITPOINT WARNING * * *
Menkaure calls on the powers of darkness!
The orc priest convulses!
The orc wizard convulses! x2
Your body is wracked with pain!
* * * LOW HITPOINT WARNING * * *
Unknown command.
You feel better.
The orc wizard hits you but does no damage.
Menkaure mumbles some strange words.
Menkaure seems to speed up.
You puncture the orc wizard!
You kill the orc wizard!
Your Short Blades skill increases to level 1!
Unknown command.
It was a potion of mutation.
You feel extremely strange.
Your teeth lengthen and sharpen.
Iridescent scales grow over part of your body.
Your body twists and deforms.
Prince Ribbit closely misses you. You block the orc wizard's attack.
Prince Ribbit blinks!
Unknown command.
Unknown command.
You hit the orc wizard.
You kill the orc wizard!
Menkaure whispers, "Let me perform the rites..."
The orc priest miscasts a cantrip.
Unknown command.
You hit the orc priest.
The orc priest is almost dead.
The orc priest barely misses you.
Unknown command.
You puncture the orc priest!
You kill the orc priest!
Prince Ribbit barely misses you.
Unknown command.
It was a potion of resistance.
You feel protected. Prince Ribbit hits you!
You die...

...... #....#
#....+ #....#
#....#
#.)..#######
####'#........
#....)M.......
#...{#@.......
#...F#.F......
#..).#......##
####.#......#
##.#####..#
#...# ..#
#...# ## #...#
#...#


You could see Prince Ribbit and Menkaure (fast).

Vanquished Creatures
  Sigmund (D:2)
  An orc priest (D:5)
  5 orc wizards
  3 gnolls (D:2)
  3 adders (D:2)
  A dart slug (D:1)
  4 orcs (D:3)
  5 bats
  5 endoplasms
  3 giant cockroaches
  7 goblins
  14 hobgoblins
  2 jackals (D:2)
  A quokka (D:1)
  4 ball pythons
  4 frilled lizards (D:1)
  3 kobolds
  7 rats
73 creatures vanquished.

Notes
Turn   | Place    | Note
-------+----------+-------------------------------------------
     0 | D:1      | ytrimaz the Formicid Fighter began the quest for the Orb.
     0 | D:1      | Reached XP level 1. HP: 18/18 MP: 1/1
    49 | D:1      | Found a faded altar of an unknown god.
   235 | D:1      | Reached XP level 2. HP: 20/24 MP: 2/2
   582 | D:1      | Reached XP level 3. HP: 24/29 MP: 3/3
   634 | D:1      | Reached skill level 4 in Armour
  1348 | D:2      | Reached XP level 4. HP: 37/37 MP: 4/4
  1656 | D:2      | Found Wadiekana's Book Boutique.
  1691 | D:2      | Noticed Sigmund
  1701 | D:2      | Killed Sigmund
  1702 | D:2      | Reached skill level 5 in Armour
  1702 | D:2      | Reached XP level 5. HP: 35/42 MP: 5/5
  1702 | D:2      | Reached XP level 6. HP: 40/48 MP: 6/6
  1715 | D:2      | Found a snail-covered altar of Cheibriados.
  2058 | D:2      | Identified 2 scrolls of acquirement
  2058 | D:2      | Acquired the +9 rapier "Mango" {vorpal, rN+ Dex+4}
  2066 | D:2      | Acquired a manual of Dodging
  2385 | D:3      | Found an opulent altar of Gozag.
  2663 | D:3      | Found a radiant altar of Vehumet.
  2667 | D:3      | Found a snail-covered altar of Cheibriados.
  2667 | D:3      | Found a burning altar of Makhleb.
  2669 | D:3      | Found a basalt altar of Yredelemnul.
  2669 | D:3      | Found a bloodstained altar of Trog.
  3101 | D:3      | You fall into a shaft and drop 2 floors!
  3101 | D:5      | Entered Level 5 of the Dungeon
  3112 | D:5      | Noticed Prince Ribbit
  3115 | D:5      | Noticed Menkaure
  3118 | D:5      | Reached skill level 1 in Dodging
  3118 | D:5      | Reached XP level 7. HP: 20/55 MP: 7/7
  3123 | D:5      | Reached skill level 1 in Short Blades
  3123 | D:5      | Gained mutation: You have very sharp teeth. [potion of
                  | mutation]
  3123 | D:5      | Gained mutation: You are partially covered in iridescent
                  | scales. (AC +2) [potion of mutation]
  3123 | D:5      | Gained mutation: Armour fits poorly on your strangely
                  | shaped body. [potion of mutation]
  3127 | D:5      | Slain by Prince Ribbit

Illustrated notes

Levels and vault maps discovered:
D:1:      dpeg_arrival_windows_large_door, layout_loops_cross,
          basic_ecumenical_altar, minmay_indecisive_spiral
D:2:      layout_loops_corners, serial_shops, nicolae_square_shop, basic_altar,
          kennysheep_generic_room_5, uniq_sigmund
D:3:      layout_loops_corners, grunt_gozag_breadcrumbs,
          grunt_temple_overflow_open, grunt_decor_one_mirror,
          ebering_dispersal_statue_hall, chequers_jeans
D:5:      layout_gridville, gammafunk_ghost_nasty_kobolds, minmay_mini_ossuary,
          uniq_pikel, uniq_prince_ribbit1, uniq_menkaure, uniq_duvessa

Skill      XL: |  1  2  3  4  5  6  7 |
---------------+----------------------+-----
Armour         | 4 5 |  5.6
Axes           | 4 |  4.3
Fighting       | 4 |  4.7
Dodging        | 1 |  1.2
Short Blades   | 1 |  1.2
Shields        | |  3.6

Action                   |  1- 3 |  4- 6 |  7- 9 || total
-------------------------+-------+-------+-------++-------
Melee: War axe           |    85 |    47 |       ||   132
       Rapier            |       |    40 |     4 ||    44
 Abil: Dig               |       |       |     1 ||     1
  Use: Potion            |     1 |     2 |     4 ||     7
       Scroll            |     1 |     4 |       ||     5
Armor: Scale mail        |    50 |    36 |     1 ||    87
Dodge: Dodged            |    41 |    48 |     4 ||    93
Block: Buckler           |    21 |    25 |     3 ||    49

Table legend: (Time is in decaauts)
 A = Elapsed time spent in this place.
 B = Non-inter-level travel time spent in this place.
 C = Inter-level travel time spent in this place.
 D = Time resting spent in this place.
 E = Time spent auto-exploring this place.
 F = Levels seen in this place.
 G = Mean time per level.
                   A        B        C        D        E       F      G
               +--------+--------+--------+--------+--------+-----+--------+
         Total |   3184 |   3114 |     70 |      0 |   2502 |   4 |  796.0 |
       Dungeon |   3184 |   3114 |     70 |      0 |   2502 |   4 |  796.0 |
               +--------+--------+--------+--------+--------+-----+--------+

Top non-repeatable levels by time:
     D:2: 1220 daAuts
     D:1: 1165 daAuts
     D:3: 771 daAuts
     D:5: 27 daAuts
